 Dungeon Crawl Stone Soup version 0.30-b1-2-g02819fbbbe (webtiles) character file.

Game seed: 992397118843358326

53 Fartwhistle the Changer (level 3, -2/23 HPs)
             Began as an Octopode Transmuter on Sept 7, 2023.
             Slain by an orc
             ... wielding a +0 hand axe
              (6 damage)
             ... on level 3 of the Dungeon.
             The game lasted 00:02:17 (1213 turns).

Fartwhistle the Changer (Octopode Transmuter)       Turns: 1213, Time: 00:02:18

Health: -2/23      AC:  1    Str:  9    XL:     3   Next: 87%
Magic:  6/6        EV: 13    Int: 17    God:
Gold:   51         SH:  0    Dex: 12    Spells: 5/6 levels left

rFire   . .          .
                       - Unarmed
rCold   . . .        (no shield)
rNeg    . . .        (helmet restricted)
rPois   .            (no amulet)
rElec   .            (no ring)
rCorr   .            (no ring)
SInv    .            (no ring)
Will    .....        (no ring)
Stlth   ++           (no ring)
HPRegen 0.23/turn    (no ring)
MPRegen 0.10/turn    (no ring)
                     (no ring)

%: no passive effects
@: no status effects
A: almost no armour, amphibious, 8 rings, camouflage 1, gelatinous body 1,
(nimble swimmer 1), tentacles
a: no special abilities


You were on level 3 of the Dungeon.
You visited 1 branch of the dungeon, and saw 3 of its levels.

You collected 51 gold pieces.

Inventory:

Missiles
 j - 4 silver boomerangs
Scrolls
 e - a scroll of teleportation {unknown}
 f - a scroll of amnesia {unknown}
 g - 2 scrolls of poison {unknown}
 i - 2 scrolls of identify {unknown}
 l - a scroll of magic mapping {unknown}
Potions
 a - 2 potions of lignification
 b - 3 potions of curing {unknown}
 c - a potion of degeneration {unknown}
 d - a potion of attraction {unknown}
 h - a potion of brilliance {unknown}
 k - a potion of flight {unknown}


   Skills:
 - Level 1.0 Fighting
 - Level 2.0 Dodging
 - Level 3.0 Unarmed Combat
 - Level 2.0 Spellcasting
 + Level 4.1 Transmutations


You had 5 spell levels left.
You knew the following spells:

 Your Spells              Type           Power      Damage    Failure   Level
a - Beastly Appendage     Tmut           30%        N/A       3%          1

Your spell library contained the following spells:

 Spells                   Type           Power      Damage    Failure   Level
 Wereblood                Tmut           15%        N/A       5%          2
 Magic Dart               Conj           4%         1d3       19%         1
 Spider Form              Tmut/Pois      8%         N/A       26%         3
 Searing Ray              Conj           2%         2d4       28%         2
 Ice Form                 Ice/Tmut       8%         N/A       63%         4
 Fulminant Prism          Conj/Hex       0%         3d5       88%         4


Dungeon Overview and Level Annotations

Branches:
Dungeon (3/15)

Altars:


Innate Abilities, Weirdness & Mutations

You cannot wear most types of armour.
You are amphibious.
You can wear up to eight rings at the same time.
Your skin changes colour to match your surroundings (Stealth+).
Your rubbery body absorbs attacks. (AC +1, EV +1)
((You are camouflaged when in or above water. (Stealth+)))
You have tentacles for arms and can constrict up to eight enemies at once.


Message History

You closely miss the hobgoblin. Your grab misses the hobgoblin.
The hobgoblin hits you.
You tentacle-slap the hobgoblin but do no damage.
You grab the hobgoblin. You tentacle-slap the hobgoblin.
You squeeze the hobgoblin.
You kill the hobgoblin!
You now have 51 gold pieces (gained 6).
l - a scroll labelled ITZOUL TASU Done exploring.
Done exploring.
Done exploring.
Done exploring.
Search for what [Enter for "."]? .
(D) Dungeon
Where to? (Enter - D:2, ? - help)
There is a stone staircase leading down here.
You climb downwards.
The orc shouts! x4
There is a stone staircase leading up here.
There are monsters nearby!
You closely miss the orc. You grab the orc. You squeeze the orc.
The orc is almost dead.
You constrict the orc, but do no damage.
You tentacle-slap the orc but do no damage.
The orc is almost dead.
You constrict the orc, but do no damage.
The orc barely misses you.
You tentacle-slap the orc.
You kill the orc!
The orc hits you with a +0 whip.
You completely miss the orc. Your grab misses the orc.
The orc hits you with a +0 whip. The orc barely misses you.
You barely miss the orc. You grab the orc. You squeeze the orc.
The orc is heavily wounded.
You constrict the orc. The orc hits you with a +0 whip.
The orc hits you with a +0 hand axe.
* * * LOW HITPOINT WARNING * * *
You release your grip on the orc.
The orc closely misses you. The orc hits you with a +0 hand axe.
You die...

.#.....
.....
.....
... .o.
#o# #o#
#@# #o#
...
###B.
..# ...
.P.P
#....


You could see 4 orcs and a giant cockroach.

Vanquished Creatures
  2 adders (D:2)
  A worm (D:2)
  A dart slug (D:1)
  An orc (D:3)
  A ball python (D:1)
  4 endoplasms (D:1)
  A giant cockroach (D:1)
  3 goblins
  3 hobgoblins
  A quokka (D:2)
  3 bats (D:2)
  2 frilled lizards
  4 kobolds
  A rat (D:1)
28 creatures vanquished.

Notes
Turn   | Place    | Note
-------+----------+-------------------------------------------
     0 | D:1      | Fartwhistle the Octopode Transmuter began the quest for the
                  | Orb.
     0 | D:1      | Reached XP level 1. HP: 13/13 MP: 3/3
   220 | D:1      | Reached XP level 2. HP: 17/18 MP: 3/5
   381 | D:1      | Reached skill level 3 in Transmutations
   565 | D:2      | Reached XP level 3. HP: 21/23 MP: 4/6
   968 | D:2      | Reached skill level 4 in Transmutations
  1213 | D:3      | Slain by an orc

Illustrated notes

Levels and vault maps discovered:
D:1:      pf_arrival_petrified_forest, layout_basic
D:2:      layout_loops_ring
D:3:      layout_loops_ring, gammafunk_ghost_icy,
          shapermc_ecumenical_altar_mp_ritualfount, minmay_tree_intersection,
          grunt_ministairs_15, st_stairs_12, chequers_serial_rivers_micro_e,
          kennysheep_generic_room_5, uniq_grinder

Skill      XL: |  1  2  3 |
---------------+----------+-----
Transmutations | 3 4 |  4.1
Fighting       | |  1.0
Dodging        | |  2.0
Unarmed Combat | |  3.0
Spellcasting   | |  2.0

Action                     || total
---------------------------++-------
  Melee: Unarmed           ||    53
         Kick              ||    10
         Tentacles         ||    14
         Constrict         ||    15
         Punch             ||     3
   Cast: Beastly Appendage ||     6
   Stab: Sleeping          ||     6
 Armour: Skin              ||     4
  Dodge: Dodged            ||    28
